 Dungeon Crawl Stone Soup version 0.18.1-47-g9310371 (webtiles) character file.

65 sveltemanboy the Chucker (level 4, -1/48 HPs)
             Began as an Ogre Hunter on June 16, 2016.
             Slain by an adder (3 damage)
             ... on level 2 of the Dungeon.
             The game lasted 00:04:56 (2715 turns).

sveltemanboy the Chucker (Ogre Hunter)              Turns: 2715, Time: 00:04:57

Health: -1/48      AC:  3    Str: 18    XL:     4   Next: 13%
Magic:  4/4        EV: 10    Int: 10    God:
Gold:   75         SH:  0    Dex: 10    Spells: 0 memorised, 3 levels left

rFire  . . .     SeeInvis .     n - +0 whip
rCold  . . .     Gourm    .     b - +0 robe
rNeg   . . .     Faith    .     (no shield)
rPois  .         Spirit   .     (helmet restricted)
rElec  .         Dismiss  .     (no cloak)
rCorr  .         Reflect  .     (gloves unavailable)
SustAt .         Harm     .     (boots unavailable)
MR     .....                    (no amulet)
Stlth  +.........               (no ring)
                                (no ring)

@: lethally poisoned (-1 -> -16), not resistant to hostile enchantments, very
unstealthy
A: unfitting armour, tough skin 1
a: no special abilities


You were on level 2 of the Dungeon.
You were not hungry.

You visited 1 branch of the dungeon, and saw 2 of its levels.

You collected 75 gold pieces.

Inventory:

Hand Weapons
 n - a +0 whip (weapon)
Missiles
 i - 77 stones (quivered)
Armour
 b - a +0 robe (worn)
Scrolls
 a - a scroll of remove curse {unknown}
 e - 5 scrolls of identify {unknown}
 h - a scroll of recharging {unknown}
 o - a scroll of teleportation {unknown}
 p - a scroll of blinking {unknown}
Potions
 j - a potion of heal wounds {unknown}
 k - 2 potions of curing {unknown}
 l - a potion of haste {unknown}
Comestibles
 f - a bread ration
 g - a beef jerky


   Skills:
 + Level 3.7 Fighting
 * Level 3.4 Maces & Flails
 + Level 4.2 Throwing
 - Level 1.9 Dodging
 - Level 0.7 Stealth


You had 3 spell levels left.
You didn't know any spells.

Dungeon Overview and Level Annotations

Branches:
Dungeon (2/15)

Altars:


Innate Abilities, Weirdness & Mutations

You are too large for most types of armour.
You have tough skin (AC +1).


Message History

You feel sick. The adder bites you.
* * * LOW HITPOINT WARNING * * *
You are more poisoned.
The adder poisons you! The adder bites you.
* * * LOW HITPOINT WARNING * * *
You are lethally poisoned!
The adder poisons you! The adder bites you.
* * * LOW HITPOINT WARNING * * *
You are more poisoned.
The adder poisons you!
Throwing (i - inventory. (,) - cycle):
c - a large rock (quivered)
Press: ? - help, Shift-Dir - straight line, f/p - adder
Aim: an adder (severely wounded)
You throw a large rock. The large rock hits the adder.
The adder is almost dead.
* * * LOW HITPOINT WARNING * * *
You feel sick. The adder bites you.
* * * LOW HITPOINT WARNING * * *
The adder bites you.
You die...

.......S.#..##.#..)).##.#
#######h.......#.....##.#
#..h.....#........#
#........#......###
#..............(#
#..............##
######.#.......#
#.S........###
#@#.....#....#
#.#.....#.##.#
#..S>...#..#.#
######.##....#.#
#....#.......#.#
####.##.#######.#.#
#.....#.........#.#
#.########.######.#
#[....#....# #.#


You could see an adder.

Vanquished Creatures
  An adder (D:2)
  An ooze (D:2)
  A worm (D:2)
  3 giant geckos
  A giant cockroach (D:1)
  5 goblins
  6 hobgoblins
  7 jackals (D:2)
  4 kobolds
  8 bats
  A giant newt (D:1)
  6 rats
44 creatures vanquished.

Notes
Turn   | Place    | Note
--------------------------------------------------------------
     0 | D:1      | sveltemanboy the Ogre Hunter began the quest for the Orb.
     0 | D:1      | Reached XP level 1. HP: 22/22 MP: 1/1
   178 | D:1      | Reached skill level 1 in Maces & Flails
   314 | D:1      | Reached XP level 2. HP: 8/29 MP: 2/2
  1654 | D:2      | Reached XP level 3. HP: 20/36 MP: 3/3
  2561 | D:2      | Reached XP level 4. HP: 43/48 MP: 4/4
  2715 | D:2      | HP: 2/48 [adder (4)]
  2715 | D:2      | Slain by an adder

Skill      XL: |  1  2  3 |
---------------+----------+-----
Maces & Flails | 1 2 3 |  3.4
Fighting       | 3 |  3.7
Throwing       | |  4.2
Dodging        | |  1.9
Stealth        | |  0.7

Action                   |  1- 3 |  4- 6 || total
-------------------------+-------+-------++-------
Melee: Club              |    91 |       ||    91
       Unarmed           |     2 |       ||     2
       Whip              |    73 |    31 ||   104
Throw: Large rock        |    12 |     2 ||    14
       Stone             |    25 |       ||    25
       Throwing net      |     5 |     2 ||     7
 Stab: Sleeping          |     2 |       ||     2
       Held in net/web   |     1 |       ||     1
  Eat: Chunk             |     5 |     1 ||     6
Armor: Robe              |    65 |    19 ||    84
Dodge: Dodged            |    86 |    13 ||    99
